Map: Orbital Shipyard

Players

LilDicky - Winner!

  • Race: Zerg Zerg
  • League: Diamond

goodweed

  • Race: Zerg Zerg
  • League: Silver

VOD

http://www.twitch.tv/tumescentpie

Description

Time

  • Played on: Dec. 25, 2015, 9:16 p.m.
  • Length: 13:46
Show
View Real Time Build Order
Export as new Build Order

LilDicky Zerg - Winner!

Build Orders: Hatch First, Lurkers 

Get SALT Encoding   

  12  0:02  Drone  
  13  0:13  Drone  
  14  0:38  Extractor  
  14  0:39  Hatchery  
  14  0:41  Drone  
  14  0:56  Spawning Pool  
  13  1:02  Drone  
  14  1:09  Overlord  
  14  1:12  Extractor x2  
  14  1:15  Drone  
  13  1:20  Drone  
  15  1:42  Queen  
  17  1:51  Queen  
  19  2:00  Drone x2  
  19  2:01  Drone x2  
  23  2:12  Drone  
  24  2:18  Queen  
  24  2:22  Zergling x2  
  23  2:46  Metabolic Boost  
  23  2:50  Drone  
  24  2:51  Drone  
  25  3:02  Drone x2  
  25  3:03  Drone  
  28  3:19  Overlord  
  28  3:31  Hatchery  
  27  3:43  Queen  
  27  3:45  Lair  
  29  3:53  Extractor  
  29  3:55  Drone  
  29  3:56  Drone x2  
  29  3:59  Overlord  
  31  4:11  Zergling x2  
  31  4:12  Zergling x6  
  34  4:49  Queen  
  34  4:51  Queen  
  38  5:00  Drone x2  
  38  5:05  Spine Crawler  
  39  5:07  Hydralisk Den  
  38  5:18  Pneumatized Carapace  
  38  5:24  Drone  
  38  5:25  Drone x11  
  38  5:28  Overlord  
  50  5:57  Lurker Den  
  50  6:00  Overlord x4  
  50  6:20  Hydralisk  
  50  6:21  Hydralisk x5  
  50  6:25  Extractor x2  
  61  6:32  Drone x3  
  63  6:33  Drone x4  
  67  7:02  Hydralisk x3  
  67  7:03  Hydralisk x2  
  75  7:47  Lurker x2  
  75  7:49  Hydralisk x2  
  75  7:50  Hydralisk  
  81  7:51  Overlord x2  
  81  7:53  Overlord x3  
  81  7:55  Drone  
  81  7:56  Overlord  
  82  8:06  Burrow  
  82  8:27  Lurker x2  
  83  8:28  Lurker  
  83  8:29  Zergling x6  
  83  8:30  Zergling x12  
  83  8:32  Queen  
  96  9:04  Hydralisk  
  96  9:05  Hydralisk x8  
  96  9:07  Drone  
  115  9:17  Queen  
  117  9:33  Hydralisk  
  117  9:34  Hydralisk  
  117  9:36  Overlord x4  
  121  9:39  Hatchery  
  120  10:06  Evolution Chamber  
  119  10:12  Hydralisk x13  
  119  10:14  Zergling x12  
  151  10:31  Hydralisk  
  147  10:59  Hydralisk  
  142  11:18  Lurker x4  
  143  11:19  Zergling x2  
  143  11:20  Zergling x26  
  160  11:30  Overlord x2  
  160  11:31  Overlord x2  
  160  11:37  Queen  
  159  12:14  Lurker x4  
  159  12:15  Zergling x14  
  166  12:16  Zergling x18  
  166  12:17  Zergling x2  
  153  13:20  Hydralisk  
Show
View Real Time Build Order
Export as new Build Order

goodweed Zerg 

Build Orders: Pool First 

Get SALT Encoding   

  12  0:02  Drone  
  13  0:08  Drone  
  14  0:23  Overlord  
  14  0:36  Spawning Pool  
  14  0:42  Drone x2  
  15  0:45  Drone  
  16  1:10  Hatchery  
  15  1:18  Extractor  
  14  1:23  Zergling x6  
  17  1:34  Drone  
  17  1:36  Queen  
  20  1:56  Drone x2  
  22  2:06  Overlord  
  22  2:24  Metabolic Boost  
  21  2:36  Drone  
  20  2:37  Drone x3, Queen  
  25  2:51  Drone x3  
  25  2:55  Drone x3  
  25  2:58  Drone  
  32  3:04  Overlord  
  32  3:21  Overlord  
  32  3:31  Lair  
  32  3:32  Zergling x12  
  38  3:41  Roach Warren  
  37  3:42  Extractor  
  37  3:44  Extractor  
  35  3:56  Drone x4  
  35  3:59  Drone  
  35  4:00  Drone  
  41  4:19  Overlord  
  41  4:20  Overlord  
  41  4:21  Roach x2  
  41  4:22  Roach x2  
  43  4:40  Glial Reconstitution  
  43  4:43  Roach x6  
  55  4:53  Evolution Chamber  
  55  4:58  Drone x6  
  60  5:09  Ravager x2  
  62  5:27  Hatchery, Ravager x2  
  63  5:33  Roach  
  63  5:34  Roach  
  63  5:35  Overlord x2  
  67  5:40  Extractor  
  66  5:43  Hydralisk Den  
  65  5:58  Roach x4  
  65  5:59  Roach x2  
  77  6:05  Drone x3  
  77  6:11  Spore Crawler, Overseer  
  79  6:15  Spore Crawler  
  78  6:27  Overlord x2  
  78  6:28  Overlord  
  78  6:59  Zergling x24  
  90  7:18  Roach x6  
  95  7:47  Roach  
  95  7:48  Overlord  
  95  7:49  Overlord x5  
  95  8:02  Muscular Augments  
  95  8:03  Zerg Missile Weapons Level 1  
  95  8:12  Ravager x2  
  98  8:13  Ravager x4  
  101  8:26  Overseer x3  
  100  8:27  Overseer  
  100  8:31  Roach  
  100  8:32  Roach x4  
  110  8:54  Drone x2  
  110  8:55  Drone x2  
  114  8:56  Drone  
  114  8:57  Drone x2  
  115  9:14  Extractor  
  115  9:15  Drone  
  115  9:16  Drone x2, Extractor  
  116  9:41  Drone x5  
  121  9:45  Lurker Den  
  121  9:49  Spire  
  120  9:55  Roach  
  120  9:56  Roach x3  
  128  10:00  Queen  
  128  10:01  Drone x2  
  128  10:02  Drone x3  
  135  10:24  Hatchery  
  134  10:29  Roach x5  
  134  10:33  Overlord x2  
  138  11:11  Mutalisk  
  138  11:12  Mutalisk x2  
  138  11:14  Overlord x10  
  138  11:17  Overseer  
  144  11:19  Overseer  
  115  11:48  Spine Crawler  
  115  11:49  Drone x8  
  115  11:50  Drone x4  
  115  11:51  Drone  
  115  11:52  Drone  
  128  12:09  Infestation Pit  
  128  12:12  Overseer  
  128  12:13  Overseer  
  96  13:02  Mutalisk x8  
  96  13:03  Mutalisk x7  
Tags
 
Add a new tag
Caveats
  • Supply blocks, unpowered buildings, or Contaminate may cause inaccurate times.
  • Supply counts are checked every 10 seconds.